[Event "Titled Tuesday Blitz July 26 Early 2022"]
[White "Koellner, Ruben Gideon"]
[Black "Rangel, Daniel"]
[WhiteFideId "12993093"]
[BlackFideId "2124475"]
[WhiteElo "2548"]
[BlackElo "2225"]
[Result "0-1"]
[Round "08"]
[TimeControl "180+1"]
[Date "2022.07.27"]
[WhiteClock "0:00:27"]
[BlackClock "0:00:12"]

1. d4 Nf6 2. Bg5 e6 3. Nd2 d5 4. e3 Be7 5. Bd3 b6 6. c3 Bb7 7. Bxf6 Bxf6 8. f4 c5 9. Ngf3 O-O 10. Ne5 Nc6 11. O-O g6 12. Qg4 Bg7 13. Qh3 f5 14. Ndf3 Nxe5 15. fxe5 Qe7 16. g4 f4 17. Nh4 Qg5 18. exf4 Rxf4 19. Rxf4 Qxf4 20. Rf1 Qg5 21. Nf3 Qe7 22. Qh4 Qxh4 23. Nxh4 Rf8 24. Rxf8+ Kxf8 25. g5 c4 26. Bc2 b5 27. Ng2 Kf7 28. Nf4 Bf8 29. h4 Be7 30. Kg2 a5 31. Kg3 Bc6 32. Bd1 b4 33. Bg4 Bd7 34. Nxd5 exd5 35. Bxd7 bxc3 36. bxc3 Ba3 37. Kf3 Bb2 38. Ke3 Bxc3 39. Bc6 Ke6 40. Be8 Bb2 41. Kd2 Bxd4 42. h5 gxh5 43. Bxh5 Kxe5 44. g6 hxg6 45. Bxg6 Bc5 46. Bf7 Bb4+ 47. Kc2 Kd6 48. Bg8 Kc5 49. Bf7 d4 50. Bg6 d3+ 51. Bxd3 cxd3+ 52. Kxd3 Ba3 53. Kc3 Bc1 54. Kc2 Bg5 55. Kb3 Kb5 56. Ka3 Be7+ 57. Kb3 a4+ 58. Kc3 Kc5 59. Kb2 Kb4 60. Kc2 Ka3 61. Kb1 Bf6 62. Kc2 Kxa2 63. Kd3 Kb2 64. Ke3 a3 65. Ke4 a2 0-1


[Site "https://www.chess.com"]

[Event "Titled Tuesday Blitz July 26 Early 2022"]
[White "Korchmar, Vasiliy"]
[Black "Manukyan, Sargis A."]
[WhiteFideId "24131750"]
[BlackFideId "13303970"]
[WhiteElo "2370"]
[BlackElo "2187"]
[Result "0-1"]
[Round "08"]
[TimeControl "180+1"]
[Date "2022.07.27"]
[WhiteClock "0:00:22"]
[BlackClock "0:00:37"]

1. e4 e6 2. d4 d5 3. e5 c5 4. c3 Nc6 5. Nf3 Nh6 6. Bxh6 gxh6 7. Be2 Bg7 8. Nbd2 cxd4 9. cxd4 f6 10. exf6 Qxf6 11. Bb5 O-O 12. Bxc6 bxc6 13. O-O c5 14. dxc5 Qxb2 15. Rc1 Qxa2 16. Re1 Qb2 17. Nf1 a5 18. Ng3 a4 19. Nh5 a3 20. Nxg7 Qxg7 21. Ra1 Rf4 22. Re3 a2 23. Ne5 Rf5 24. f4 Kh8 25. Rg3 Qf6 26. Qg4 Ba6 27. Rf3 Be2 28. g3 Bxf3 29. Qxf3 Qxe5 30. Qd1 Qe3+ 31. Kh1 Qxc5 32. Qd2 Qc4 33. Qb2+ d4 34. Qb7 Qd5+ 35. Qxd5 Rxd5 36. Kg2 d3 37. Kf3 d2 38. Ke2 d1=Q+ 39. Rxd1 Rxd1 40. Kxd1 a1=Q+ 41. Ke2 Qc3 42. Kf2 Ra2+ 43. Kg1 Qe1# 0-1


[Site "https://www.chess.com"]

[Event "Titled Tuesday Blitz July 26 Early 2022"]
[White "Kozlov, Oleg"]
[Black "Ismagilov, Damir"]
[WhiteFideId "4104544"]
[BlackFideId "34199982"]
[WhiteElo "2132"]
[BlackElo "2138"]
[Result "0-1"]
[Round "08"]
[TimeControl "180+1"]
[Date "2022.07.27"]
[WhiteClock "0:00:14"]
[BlackClock "0:00:22"]

1. d4 Nf6 2. c4 g6 3. Nc3 d5 4. cxd5 Nxd5 5. e4 Nxc3 6. bxc3 Bg7 7. Bc4 c5 8. Ne2 Nc6 9. Be3 O-O 10. O-O Bg4 11. f3 Na5 12. Bxf7+ Rxf7 13. fxg4 Rxf1+ 14. Kxf1 Nc4 15. Bf2 Qd6 16. Qb3 b5 17. Kg1 a6 18. a4 Rb8 19. axb5 axb5 20. Ra7 Qe6 21. Ng3 Rf8 22. Qxb5 Qf7 23. Ra2 cxd4 24. cxd4 Ne3 25. Re2 Nxg4 26. Qb2 Qc4 27. e5 Bh6 28. Be1 Be3+ 29. Kh1 Bxd4 30. Qc2 Qxc2 31. Rxc2 Bxe5 32. h3 Bxg3 33. Bxg3 Rf1# 0-1


[Site "https://www.chess.com"]

[Event "Titled Tuesday Blitz July 26 Early 2022"]
[White "Kuderinov, Kirill"]
[Black "Dushyant Sharma"]
[WhiteFideId "13701568"]
[BlackFideId "25065130"]
[WhiteElo "2465"]
[BlackElo "2105"]
[Result "1-0"]
[Round "08"]
[TimeControl "180+1"]
[Date "2022.07.27"]
[WhiteClock "0:01:16"]
[BlackClock "0:00:35"]

1. e4 d5 2. exd5 Nf6 3. Nf3 Bg4 4. d4 Qxd5 5. Be2 Nc6 6. Nc3 Qf5 7. h3 Bh5 8. g4 Nxg4 9. hxg4 Bxg4 10. Nh4 Bxe2 11. Nxf5 Bxd1 12. Nxd1 e6 13. Nfe3 Nxd4 14. c3 Nc6 15. Nc4 O-O-O 16. Ke2 h5 17. b4 f6 18. b5 Ne7 19. Nde3 g5 20. a4 Bg7 21. a5 f5 22. Ba3 Nd5 23. Nxd5 exd5 24. Ne3 f4 25. Nf5 Bxc3 26. Rad1 d4 27. a6 bxa6 28. bxa6 g4 29. Kd3 Rh7 30. Ne7+ Kd7 31. Nd5 g3 32. Nf6+ Ke6 33. Nxh7 g2 34. Rxh5 Rg8 35. Ng5+ Kf5 36. Nf3+ Kg4 37. Rg5+ Rxg5 38. Nxg5 Kxg5 39. Bc5 Kg4 40. Bxa7 Kf3 41. Bxd4 Bxd4 42. Kxd4 Ke2 43. Ra1 Kxf2 44. a7 g1=Q 45. Rxg1 Kxg1 46. a8=Q Kf2 47. Ke4 f3 48. Qa2+ Kg3 49. Qb3 1-0


[Site "https://www.chess.com"]

[Event "Titled Tuesday Blitz July 26 Early 2022"]
[White "Le, Tuan Minh"]
[Black "Melkumyan, Hrant"]
[WhiteFideId "12401153"]
[BlackFideId "13302485"]
[WhiteElo "2530"]
[BlackElo "2604"]
[Result "0-1"]
[Round "08"]
[TimeControl "180+1"]
[Date "2022.07.26"]
[WhiteClock "0:00:09"]
[BlackClock "0:00:07"]

1. d4 d5 2. Nf3 Nf6 3. Bf4 c5 4. c3 e6 5. e3 Bd6 6. Nbd2 O-O 7. Bd3 b6 8. Qe2 a5 9. O-O Ba6 10. Bxa6 Nxa6 11. Bg5 h6 12. Bxf6 Qxf6 13. e4 Qd8 14. exd5 exd5 15. Rfe1 a4 16. a3 Nc7 17. Nf1 Re8 18. Qc2 Qd7 19. h3 Ne6 20. Rad1 cxd4 21. cxd4 Rac8 22. Qf5 g6 23. Qb1 Nf4 24. Ne5 Qb5 25. Ng3 Bxe5 26. dxe5 Rc4 27. Rd2 Qc5 28. Qd1 h5 29. Qf3 h4 30. Nf1 Rd4 31. Red1 Rxd2 32. Rxd2 g5 33. Ne3 Rxe5 34. Rd1 d4 35. Ng4 Re6 36. Qa8+ Kg7 37. Qd8 d3 38. Ne3 Ne2+ 39. Kh1 Nf4 40. Kg1 Qe5 41. Ng4 Qf5 42. Ne3 Qg6 43. Qd4+ Qf6 44. Qxf6+ Kxf6 45. Ng4+ Kg7 46. g3 hxg3 47. fxg3 Nxh3+ 48. Kg2 f5 49. Kxh3 fxg4+ 50. Kxg4 Re2 51. Rxd3 Rxb2 52. Kxg5 Kf7 53. g4 Ke7 54. Kg6 Rb3 55. Rd1 Rxa3 56. Re1+ Kd6 57. g5 Kc5 58. Rc1+ Kb5 59. Kf6 Rg3 60. Rb1+ Ka5 61. g6 b5 62. g7 b4 63. Re1 Rxg7 64. Kxg7 a3 65. Kf6 b3 66. Re5+ Kb4 67. Re4+ Kc3 68. Re3+ Kc4 69. Re4+ Kd3 70. Rb4 b2 71. Ke5 Kc2 0-1


[Site "https://www.chess.com"]

[Event "Titled Tuesday Blitz July 26 Early 2022"]
[White "Leve, Nitai"]
[Black "Aaditya Dhingra"]
[WhiteFideId "2006898"]
[BlackFideId "25678191"]
[WhiteElo "2144"]
[BlackElo "1849"]
[Result "1-0"]
[Round "08"]
[TimeControl "180+1"]
[Date "2022.07.27"]
[WhiteClock "0:00:07"]
[BlackClock "0:00:05"]

1. e4 c5 2. Nf3 d6 3. d4 cxd4 4. Qxd4 a6 5. c4 Nc6 6. Qe3 Nf6 7. h3 g6 8. Be2 Bg7 9. O-O O-O 10. Nc3 e6 11. Rd1 Qe7 12. Rb1 Bd7 13. b4 Rfd8 14. a4 Rac8 15. Ba3 Ne5 16. b5 Nxc4 17. Bxc4 Rxc4 18. Bxd6 Qe8 19. Ne5 Rcc8 20. bxa6 bxa6 21. Rb7 Rxc3 22. Qxc3 Bxa4 23. Rdb1 Nxe4 24. Qc7 Nxd6 25. Rb8 Bf6 26. Ng4 Be7 27. Rxd8 Bxd8 28. Qxd6 Bb5 29. Rc1 Be7 30. Qd4 h5 31. Nf6+ Bxf6 32. Qxf6 Bc6 33. Rd1 Bd5 34. Rc1 Qd7 35. Qe5 Kh7 36. Rc7 Qe8 37. Qf4 Kg7 38. Qd4+ Kg8 39. Qc5 Kg7 40. Rc8 Qa4 41. Qf8+ Kf6 42. Qh8+ Ke7 43. Rc1 a5 44. Rc7+ Kd6 45. Qd8+ Ke5 46. Qg5+ Kd6 47. Qg3+ e5 48. Rc1 Qf4 49. Qa3+ Qb4 50. Qe3 Qd4 51. Qe1 Qb4 52. Qd1 Qd4 53. Qc2 Qc4 54. Qxc4 Bxc4 55. Rxc4 Kd5 56. Ra4 Kc5 57. Rxa5+ Kd4 58. Ra7 e4 59. Kf1 e3 60. Rxf7 1-0


[Site "https://www.chess.com"]

[Event "Titled Tuesday Blitz July 26 Early 2022"]
[White "Lewtak, Damian"]
[Black "Zemlyanskii, Ivan"]
[WhiteFideId "1141724"]
[BlackFideId "24249971"]
[WhiteElo "2359"]
[BlackElo "1815"]
[Result "1-0"]
[Round "08"]
[TimeControl "180+1"]
[Date "2022.07.27"]
[WhiteClock "0:00:30"]
[BlackClock "0:00:11"]

1. e4 c5 2. Nf3 e6 3. d4 cxd4 4. Nxd4 Nf6 5. Nc3 Nc6 6. Ndb5 Bc5 7. Bf4 O-O 8. Bd6 b6 9. Bxf8 Qxf8 10. a4 Ne5 11. Be2 Bb7 12. f4 Ng6 13. g3 a6 14. Na3 Rc8 15. Bf3 d5 16. Qd3 Rd8 17. exd5 exd5 18. Kf1 d4 19. Ne4 Nd5 20. Nxc5 Ne3+ 21. Kf2 Bxf3 22. Kxf3 Qxc5 23. Rhe1 f5 24. Rxe3 Qd5+ 25. Ke2 dxe3 26. Qxd5+ Rxd5 27. Kxe3 Ne7 28. Ke2 Rc5 29. c3 Rc7 30. Rd1 Kf7 31. Rd6 Rc6 32. Rxc6 Nxc6 33. Kd3 b5 34. axb5 axb5 35. Nxb5 Ke6 36. Nd4+ Nxd4 37. Kxd4 Kd6 1-0


[Site "https://www.chess.com"]

[Event "Titled Tuesday Blitz July 26 Early 2022"]
[White "Lianes Garcia, Marcos"]
[Black "Kozin, Yuri"]
[WhiteFideId "32060777"]
[BlackFideId "4129920"]
[WhiteElo "2334"]
[BlackElo "2537"]
[Result "1-0"]
[Round "08"]
[TimeControl "180+1"]
[Date "2022.07.26"]
[WhiteClock "0:01:06"]
[BlackClock "0:00:12"]

1. e4 c5 2. g3 Nc6 3. Bg2 Nf6 4. Ne2 e5 5. c3 d6 6. d4 cxd4 7. cxd4 exd4 8. Nxd4 Be7 9. Nc3 O-O 10. h3 Re8 11. O-O a6 12. Be3 Ne5 13. b3 Bd7 14. Rc1 Rc8 15. f4 Nc6 16. Qd2 Qa5 17. Rfe1 Nxd4 18. Bxd4 Bc6 19. Rcd1 Qc7 20. Qf2 Nd7 21. Rc1 Qa5 22. Qd2 Bf6 23. Bxf6 Nxf6 24. Qd4 Rcd8 25. Rcd1 b5 26. b4 Qa3 27. Rb1 d5 28. e5 Ne4 29. Rb3 Qxb3 30. axb3 Ba8 31. Re3 h6 32. Kh2 Nxc3 33. Rxc3 Kf8 34. Rc7 Kg8 35. Qa7 Rf8 36. Rd7 d4 37. Rxd8 Rxd8 38. Bxa8 1-0


[Site "https://www.chess.com"]

[Event "Titled Tuesday Blitz July 26 Early 2022"]
[White "Malyi, Viacheslav"]
[Black "Putri, Regita Desyari"]
[WhiteFideId "14123983"]
[BlackFideId "7109083"]
[WhiteElo "2210"]
[BlackElo "1930"]
[Result "1/2-1/2"]
[Round "08"]
[TimeControl "180+1"]
[Date "2022.07.27"]
[WhiteClock "0:00:09"]
[BlackClock "0:00:04"]

1. e4 e5 2. f4 exf4 3. Nf3 d6 4. Bc4 h6 5. O-O g5 6. d4 Bg7 7. c3 Ne7 8. h4 Ng6 9. a4 O-O 10. Qd3 c6 11. hxg5 hxg5 12. e5 d5 13. Bb3 Be6 14. Bc2 Re8 15. Nbd2 Nd7 16. b4 Ndf8 17. Nb3 b6 18. a5 g4 19. Ne1 f3 20. axb6 Qh4 21. b7 Rab8 22. Rxa7 f2+ 23. Rxf2 g3 24. Rf3 Qh2+ 25. Kf1 Qh1+ 26. Ke2 Bg4 27. Nc5 Nh4 28. Be3 Nxg2 29. Nxg2 Qxg2+ 30. Ke1 Qxf3 31. Bg1 Qf4 32. Qe3 Qxe3+ 33. Bxe3 f6 34. Kd2 fxe5 35. dxe5 Bxe5 36. Na6 g2 37. Nxb8 Rxb8 38. Ra8 Ne6 39. Rxb8+ Bxb8 40. Bd3 Kf7 41. b5 Nd8 42. bxc6 Nxc6 43. c4 dxc4 44. Bxc4+ Be6 45. Bb5 Nd8 46. Ke1 Nxb7 47. Be2 Nd6 48. Kf2 Ne4+ 49. Kxg2 Nc3 50. Bf3 Bd5 51. Bf2 Be6 52. Bg3 Ba7 53. Bf2 Bxf2 54. Kxf2 Nd5 55. Bxd5 1/2-1/2


[Site "https://www.chess.com"]

[Event "Titled Tuesday Blitz July 26 Early 2022"]
[White "Mardov, Dimitar"]
[Black "Andreikin, Dmitry"]
[WhiteFideId "30919495"]
[BlackFideId "4158814"]
[WhiteElo "2185"]
[BlackElo "2736"]
[Result "1-0"]
[Round "08"]
[TimeControl "180+1"]
[Date "2022.07.26"]
[WhiteClock "0:00:26"]
[BlackClock "0:00:13"]

1. e4 c5 2. Nf3 e6 3. d4 cxd4 4. Nxd4 Nc6 5. Nc3 a6 6. f4 Nxd4 7. Qxd4 b5 8. a3 Bb7 9. Be3 Rc8 10. O-O-O Nf6 11. e5 Ng4 12. Bg1 Bc5 13. Qd2 O-O 14. Bxc5 Rxc5 15. h3 Nh6 16. Bd3 f5 17. exf6 Qxf6 18. Rhf1 Rxc3 19. bxc3 Rc8 20. g4 Nf7 21. g5 Qe7 22. Kb2 Bd5 23. f5 Qxg5 24. fxe6 dxe6 25. Bxh7+ Kxh7 26. Rxf7 Qxd2 27. Rxd2 Kg6 28. Ra7 Rc6 29. Rd4 Bf3 30. Rf4 Bh5 31. Rff7 e5 32. Rxg7+ Kf6 33. Rgc7 Re6 34. Kc1 e4 35. Kd2 e3+ 36. Ke1 e2 37. Rd7 Kg5 38. Rd5+ Kg6 39. Rad7 Re3 40. R7d6+ Kf7 41. Rxh5 Rxc3 42. Rxa6 Rxc2 43. Re5 Rc3 44. Kxe2 Rxh3 45. Rxb5 1-0


[Site "https://www.chess.com"]

[Event "Titled Tuesday Blitz July 26 Early 2022"]
[White "Marrero Lopez, Yaniet"]
[Black "Solovchuk, Oleksiy"]
[WhiteFideId "3503950"]
[BlackFideId "14115220"]
[WhiteElo "2319"]
[BlackElo "2305"]
[Result "1/2-1/2"]
[Round "08"]
[TimeControl "180+1"]
[Date "2022.07.27"]
[WhiteClock "0:00:14"]
[BlackClock "0:00:08"]

1. e4 c5 2. Nf3 Nc6 3. d4 cxd4 4. Nxd4 Nf6 5. Nc3 e5 6. Ndb5 d6 7. g3 a6 8. Na3 b5 9. Nd5 Nxd5 10. exd5 Nb8 11. c3 Nd7 12. Bg2 Be7 13. h4 Nf6 14. O-O Bg4 15. Qd3 Qd7 16. Nc2 Bh3 17. a4 Bxg2 18. Kxg2 O-O 19. axb5 axb5 20. Rxa8 Rxa8 21. Bg5 Ra2 22. Rb1 e4 23. Qe2 Qf5 24. Nb4 Ra8 25. Nc6 Re8 26. Ra1 Qxd5 27. Nxe7+ Rxe7 28. Bxf6 gxf6 29. Qg4+ Kf8 30. h5 h6 31. Kh2 f5 32. Qf4 Kg7 33. Ra6 Re6 34. Ra7 e3 35. fxe3 Qd2+ 36. Kh3 Qd1 37. Qd4+ Qxd4 38. exd4 Re2 39. b4 Re3 40. Kg2 Rxc3 41. Ra6 Kf6 42. Rxd6+ Kg5 43. d5 Kg4 44. Rxh6 Rc2+ 45. Kf1 Kf3 46. Ke1 Rh2 47. d6 Ke3 48. Kd1 Kd3 49. Kc1 Kc3 50. Kd1 Rd2+ 51. Ke1 Rd5 52. Rf6 f4 53. gxf4 Rxh5 54. d7 Rd5 55. Rxf7 Kxb4 56. f5 Kc3 57. f6 b4 58. Rh7 b3 59. Rh3+ Kc2 60. Rxb3 Rxd7 61. Rb6 Kd3 62. Re6 Rf7 63. Kf2 Kd4 64. Kf3 Kd5 65. Ra6 Ke5 66. Kg4 Rxf6 67. Ra5+ Ke6 68. Ra6+ Kf7 69. Rxf6+ Kxf6 1/2-1/2


[Site "https://www.chess.com"]

[Event "Titled Tuesday Blitz July 26 Early 2022"]
[White "Melikyan, Gnel"]
[Black "Skliarov, Viktor"]
[WhiteFideId "54109990"]
[BlackFideId "14106736"]
[WhiteElo "1772"]
[BlackElo "2257"]
[Result "0-1"]
[Round "08"]
[TimeControl "180+1"]
[Date "2022.07.26"]
[WhiteClock "0:00:01"]
[BlackClock "0:00:07"]

1. e4 c5 2. Nf3 Nc6 3. Bb5 e6 4. O-O Nge7 5. Re1 Nd4 6. Nxd4 cxd4 7. c3 a6 8. Bf1 Nc6 9. d3 Be7 10. Nd2 O-O 11. Nf3 dxc3 12. bxc3 d5 13. exd5 exd5 14. h3 Bf6 15. d4 Bf5 16. Qb3 Na5 17. Qb4 Qc7 18. a4 Rfe8 19. Ba3 h6 20. Ne5 Rac8 21. Rac1 Nc6 22. Nxc6 Qxc6 23. Rxe8+ Rxe8 24. c4 Bxd4 25. cxd5 Qxd5 26. Bc4 Qe5 27. Qxb7 Be6 28. Bxe6 Rxe6 29. Qc8+ Kh7 30. Qc2+ g6 31. Bc5 Rc6 32. Qb3 Qf4 33. Rc4 Rxc5 34. Rxd4 Rc1+ 0-1


[Site "https://www.chess.com"]

[Event "Titled Tuesday Blitz July 26 Early 2022"]
[White "Mitrabha, Guha"]
[Black "Svane, Frederik"]
[WhiteFideId "5057000"]
[BlackFideId "12923044"]
[WhiteElo "2499"]
[BlackElo "2459"]
[Result "1-0"]
[Round "08"]
[TimeControl "180+1"]
[Date "2022.07.26"]
[WhiteClock "0:01:15"]
[BlackClock "0:00:08"]

1. Nf3 a6 2. d4 d6 3. e4 Nd7 4. c4 c5 5. d5 g6 6. Nc3 Bg7 7. Bd3 e5 8. dxe6 fxe6 9. Bf4 Ne5 10. Nxe5 Bxe5 11. Bxe5 dxe5 12. Be2 Ne7 13. Qxd8+ Kxd8 14. Na4 b6 15. Nxb6 Rb8 16. Na4 Kc7 17. O-O-O Kc6 18. Rd2 Rb4 19. b3 Rxa4 20. bxa4 Kc7 21. Rb2 Nc6 22. Kd2 Rf8 23. Ke3 Nd4 24. f3 h6 25. Rhb1 Nc6 26. Rb6 Rf7 27. g3 g5 28. R6b2 Nd4 29. Rh1 Rg7 30. g4 Bd7 31. a5 Nc6 32. Rb6 Bc8 33. h4 Nxa5 34. Rb2 Nc6 35. hxg5 hxg5 36. Bd1 Nd4 37. Rbh2 Kb8 38. Rh7 Rg8 39. Rh8 Rg7 40. R1h7 Rg6 41. Rf8 Nc6 42. Ba4 Na5 43. Kd3 Nb7 44. Bd7 Nd6 45. Bxc8 Nxc8 46. Rhh8 Rf6 47. Rxf6 Kc7 48. Rf7+ Ne7 49. Rxe7+ Kd6 50. Ra7 a5 51. Rhh7 1-0


[Site "https://www.chess.com"]

[Event "Titled Tuesday Blitz July 26 Early 2022"]
[White "Molina, Roberto Junio Brito"]
[Black "Pfreundt, Jakob"]
[WhiteFideId "2109450"]
[BlackFideId "12918156"]
[WhiteElo "2432"]
[BlackElo "2345"]
[Result "1-0"]
[Round "08"]
[TimeControl "180+1"]
[Date "2022.07.26"]
[WhiteClock "0:00:28"]
[BlackClock "0:00:01"]

1. d4 d5 2. Nf3 e6 3. e3 c5 4. b3 Nf6 5. Bd3 Nc6 6. O-O b6 7. Bb2 Bb7 8. Nbd2 Rc8 9. a3 cxd4 10. exd4 g6 11. Qe2 Bg7 12. Ne5 O-O 13. f4 Ne7 14. Rf3 Nf5 15. g4 Nd6 16. Rh3 Nfe4 17. Rf1 f6 18. Nef3 Qd7 19. Kh1 a5 20. a4 Rc7 21. Qe3 Rfc8 22. Ne1 Re8 23. Ndf3 Qc8 24. Kg2 Ba6 25. c4 Bb7 26. Bc1 dxc4 27. bxc4 Nxc4 28. Qe2 Nc3 29. Qc2 Nd5 30. Qf2 Nd6 31. Bd2 Nc3 32. Qh4 h5 33. Bxg6 Nce4 34. Be3 Rc2+ 35. Nxc2 Qxc2+ 36. Kg1 Qe2 37. Qe1 Qxe1 38. Nxe1 hxg4 39. Rh4 Rc8 40. Rxg4 Kf8 41. f5 exf5 42. Bxf5 Nxf5 43. Rxf5 Rc3 44. Ng2 Bc8 45. Rff4 Bxg4 46. Rxg4 Nd6 47. d5 Rc4 48. h3 Rxg4 49. hxg4 Nc4 50. Bd4 Kf7 51. Nf4 Bf8 52. Ne6 1-0


[Site "https://www.chess.com"]

[Event "Titled Tuesday Blitz July 26 Early 2022"]
[White "Nakamura, Hikaru"]
[Black "Shimanov, Aleksandr"]
[WhiteFideId "2016192"]
[BlackFideId "4198603"]
[WhiteElo "2850"]
[BlackElo "2605"]
[Result "1-0"]
[Round "08"]
[TimeControl "180+1"]
[Date "2022.07.26"]
[WhiteClock "0:00:18"]
[BlackClock "0:00:02"]

1. g3 d5 2. Bg2 Nf6 3. d3 e5 4. c4 c6 5. cxd5 cxd5 6. Bg5 Be6 7. Nc3 Nc6 8. Nf3 Be7 9. O-O O-O 10. a3 Rc8 11. Rc1 d4 12. Bxf6 Bxf6 13. Ne4 Be7 14. Nc5 Bxc5 15. Rxc5 Qd6 16. Rc2 Ne7 17. Nd2 Bd5 18. Bxd5 Qxd5 19. Rxc8 Rxc8 20. Qa4 a6 21. Qb4 Rc7 22. a4 h6 23. Nc4 Nc6 24. Qb6 Re7 25. Nd2 f5 26. f3 Qa5 27. Qxa5 Nxa5 28. b4 Nc6 29. b5 axb5 30. axb5 Nb4 31. Rc1 Nd5 32. Rc5 Nc3 33. Kf2 Kf7 34. b6 Kf6 35. Rc8 Nd5 36. Nc4 Re6 37. Rf8+ Kg6 38. h4 Nxb6 39. h5+ Kxh5 40. Nxb6 Rxb6 41. Rxf5+ Kg6 42. Rxe5 Rd6 43. Rb5 b6 44. f4 Kf6 45. Kf3 g6 46. g4 Kf7 47. Re5 Kf6 48. Re8 Kf7 49. Rb8 Kf6 50. Rb7 Ke6 51. Rh7 Kf6 52. Rxh6 Kg7 53. Rh1 Re6 54. Rb1 Kf7 55. Rb4 Rd6 56. Ke4 Re6+ 57. Kxd4 Rxe2 58. Rxb6 Rf2 59. Ke3 Rf1 60. g5 Kg7 61. Rf6 Re1+ 62. Kd4 Ra1 63. Ke4 Re1+ 64. Kd5 Re8 65. d4 1-0


[Site "https://www.chess.com"]

[Event "Titled Tuesday Blitz July 26 Early 2022"]
[White "Nazari, Arad"]
[Black "Kubicka, Anna"]
[WhiteFideId "12577324"]
[BlackFideId "1152254"]
[WhiteElo "2129"]
[BlackElo "2025"]
[Result "0-1"]
[Round "08"]
[TimeControl "180+1"]
[Date "2022.07.26"]
[WhiteClock "0:00:17"]
[BlackClock "0:00:04"]

1. e4 c5 2. Nf3 d6 3. Bb5+ Bd7 4. Bxd7+ Nxd7 5. O-O g6 6. c3 Bg7 7. d4 cxd4 8. cxd4 Ngf6 9. Qe2 O-O 10. e5 Nd5 11. e6 N7b6 12. exf7+ Rxf7 13. Ng5 Rf5 14. Qe6+ Kh8 15. Nf7+ Rxf7 16. Qxf7 Qd7 17. Qf3 Rf8 18. Qd3 Nb4 19. Qb3 Nc6 20. Be3 Nxd4 21. Bxd4 Bxd4 22. Nc3 Qf5 23. Kh1 Nd7 24. Qxb7 Ne5 25. Qe4 Bxf2 26. Qxf5 Rxf5 27. Ne4 Be3 28. Ng3 Rg5 29. Rf8+ Kg7 30. Re8 Kf7 31. Rh8 Kg7 32. Ra8 Ng4 33. Re1 h5 34. b4 d5 35. Rxe3 Nxe3 36. Rxa7 Kf7 37. b5 h4 38. Ne2 Rxg2 39. Ng1 Rb2 40. a4 Nf1 41. Nf3 h3 42. Rc7 Nd2 43. Nxd2 Rxd2 44. Kg1 Rg2+ 45. Kf1 Rxh2 46. Kg1 Ra2 47. Kh1 Rxa4 48. b6 Rb4 49. Rc5 Rb2 50. Rxd5 Rxb6 51. Rd3 Rb1+ 52. Kh2 Rf1 53. Re3 Rf5 54. Kxh3 e5 55. Kg4 Kf6 56. Rb3 Rf4+ 57. Kg3 Kf5 58. Rb5 g5 59. Rb8 Rc4 60. Kf3 Rc3+ 61. Kf2 Kf4 62. Rf8+ Kg4 63. Re8 Rf3+ 64. Kg2 Rf5 65. Re7 Kf4 66. Ra7 e4 67. Kf2 Rc5 68. Rf7+ Kg4 69. Ke3 Rf5 70. Rg7 Rf4 71. Rg8 Kh4 72. Rh8+ Kg3 73. Rh1 Rf3+ 74. Kxe4 Ra3 75. Kf5 Ra5+ 76. Kg6 g4 77. Rb1 Kg2 78. Rb2+ Kh3 79. Rb5 Rxb5 80. Kf6 g3 81. Ke6 g2 82. Kd6 g1=Q 83. Kc6 Qc5+ 0-1


[Site "https://www.chess.com"]

[Event "Titled Tuesday Blitz July 26 Early 2022"]
[White "Odegov, Artem"]
[Black "Madaminov, Mukhiddin"]
[WhiteFideId "34183644"]
[BlackFideId "14210703"]
[WhiteElo "2286"]
[BlackElo "2011"]
[Result "0-1"]
[Round "08"]
[TimeControl "180+1"]
[Date "2022.07.26"]
[WhiteClock "0:00:04"]
[BlackClock "0:01:22"]

1. d4 Nf6 2. c4 g6 3. Nc3 d5 4. cxd5 Nxd5 5. e4 Nxc3 6. bxc3 Bg7 7. Bc4 c5 8. Ne2 O-O 9. Be3 Nc6 10. O-O b6 11. dxc5 Qc7 12. Nd4 Ne5 13. Nb5 Qb8 14. Bd5 Ng4 15. g3 Nxe3 16. fxe3 a6 17. Nd4 Bh3 18. Rb1 Bxf1 19. Qxf1 b5 20. a4 e6 21. Bxa8 Qxa8 22. axb5 axb5 23. Rxb5 Qxe4 24. Qf3 Qd3 25. Qe2 Qxc3 26. c6 Bxd4 27. exd4 Qxc6 28. Qf2 Qxb5 0-1


[Site "https://www.chess.com"]

[Event "Titled Tuesday Blitz July 26 Early 2022"]
[White "Ohanyan, Emin"]
[Black "Ernst, Sipke"]
[WhiteFideId "13312022"]
[BlackFideId "1004689"]
[WhiteElo "1927"]
[BlackElo "2436"]
[Result "1/2-1/2"]
[Round "08"]
[TimeControl "180+1"]
[Date "2022.07.26"]
[WhiteClock "0:00:03"]
[BlackClock "0:00:51"]

1. e4 e5 2. Nc3 Nf6 3. Bc4 Nc6 4. d3 Na5 5. Bb3 Nxb3 6. axb3 Be7 7. f4 d6 8. Nf3 exf4 9. Bxf4 O-O 10. O-O c6 11. Qe1 Bg4 12. Qg3 Qd7 13. h3 Be6 14. Bg5 h6 15. Bd2 Nh5 16. Qh2 d5 17. g4 dxe4 18. Nxe4 Nf6 19. Nxf6+ Bxf6 20. Bc3 Bxc3 21. bxc3 a5 22. c4 b5 23. Qf4 a4 24. bxa4 bxc4 25. dxc4 Ra5 26. Rfd1 Qa7+ 27. Qd4 Ra8 28. Qxa7 R5xa7 29. Ne5 c5 30. Rd6 Rxa4 31. Rxa4 Rxa4 32. Rc6 Ra3 33. Kg2 Rc3 34. Rxc5 Rxc2+ 35. Kg3 Rc3+ 36. Kh2 f6 37. Ng6 Bxc4 38. Kg1 Kf7 39. Nf4 Rc1+ 40. Kf2 Rf1+ 41. Kg3 Bb3 42. Rc7+ Kg8 43. Rc8+ Kh7 44. Rc7 Kg8 45. Rc8+ Kf7 46. Rc7+ Kg8 1/2-1/2


[Site "https://www.chess.com"]

[Event "Titled Tuesday Blitz July 26 Early 2022"]
[White "Olivares Olivares, Claudio"]
[Black "Przybylski, Wojciech"]
[WhiteFideId "3400786"]
[BlackFideId "1117599"]
[WhiteElo "2249"]
[BlackElo "2133"]
[Result "1-0"]
[Round "08"]
[TimeControl "180+1"]
[Date "2022.07.27"]
[WhiteClock "0:00:08"]
[BlackClock "0:00:09"]

1. e4 c5 2. Nf3 e6 3. d4 cxd4 4. Nxd4 Nc6 5. Nc3 Qc7 6. Nxc6 bxc6 7. Bd3 Nf6 8. O-O e5 9. f4 Bc5+ 10. Kh1 d6 11. fxe5 dxe5 12. Na4 Be7 13. Be3 Ng4 14. Bg1 Bg5 15. Bc4 O-O 16. Qf3 Nf6 17. Nc5 Bg4 18. Qg3 Rad8 19. Rxf6 Bxf6 20. Qxg4 Qa5 21. Rf1 Qb4 22. b3 h5 23. Qxh5 Qd2 24. Ne6 g6 25. Qg4 fxe6 26. Qxg6+ Bg7 27. Bxe6+ Kh8 28. Bf5 Qh6 29. Qxh6+ Bxh6 30. Bxa7 Rd2 31. a4 Rxc2 32. a5 Rb2 33. Bc5 Ra8 34. b4 Kg7 35. g3 Bg5 36. Rf2 Rxf2 37. Bxf2 Bd2 38. Bc5 Kf6 39. Kg2 Rb8 40. a6 Bxb4 41. a7 Ra8 42. Bxb4 Rxa7 43. h4 Rb7 44. Bc5 Rb5 45. Be3 Rb3 46. Kf3 c5 47. g4 c4 48. g5+ Kf7 49. h5 c3 50. Ke2 c2 51. Bd2 Rg3 52. g6+ Kg7 53. h6+ Kf6 54. g7 Rg2+ 55. Kd3 Rg3+ 56. Kxc2 Kf7 57. Bc3 Kg8 58. Bxe5 Rg5 59. h7+ Kf7 60. g8=Q+ Rxg8 61. hxg8=Q+ Kxg8 62. Kd3 Kf7 63. Bd4 Ke7 64. e5 Kf7 65. Ke4 Ke7 66. e6 Ke8 67. Bc5 Kd8 68. e7+ Kc7 69. e8=Q Kb7 70. Qb5+ Ka8 71. Qa6+ Kb8 72. Bd6# 1-0


[Site "https://www.chess.com"]

[Event "Titled Tuesday Blitz July 26 Early 2022"]
[White "Omariev, Maksim"]
[Black "Schwabeneder, Florian"]
[WhiteFideId "4193423"]
[BlackFideId "1626191"]
[WhiteElo "2513"]
[BlackElo "2275"]
[Result "0-1"]
[Round "08"]
[TimeControl "180+1"]
[Date "2022.07.27"]
[WhiteClock "0:00:03"]
[BlackClock "0:00:20"]

1. g4 d5 2. Bg2 c6 3. h3 e5 4. d4 exd4 5. Qxd4 Nf6 6. c4 dxc4 7. Qxd8+ Kxd8 8. Bf4 Be6 9. Nd2 Nbd7 10. Ngf3 Nd5 11. Bg3 c3 12. bxc3 Nxc3 13. Ng5 Bb4 14. Nxe6+ fxe6 15. a3 Ba5 16. Nc4 Bc7 17. Bh4+ Ke8 18. Rc1 Nd5 19. O-O Nf4 20. e3 Ne2+ 21. Kh1 Nxc1 22. Rxc1 h6 23. f4 h5 24. g5 Nb6 25. Na5 Rb8 26. Nxb7 Nd5 27. Nc5 Kf7 28. g6+ Kxg6 29. Nxe6 Bb6 30. Be4+ Kf7 31. Ng5+ Ke8 32. Rxc6 Nf6 33. Re6+ Kd7 34. Bf5 Kc7 35. Re7+ Kc6 36. Rxg7 Nd5 37. Be4 Kc5 38. Ne6+ Kc4 39. Rd7 Nxe3 40. Bd3+ Kb3 41. Bf2 Kxa3 42. f5 Rh6 43. Bh4 Re8 44. Bg5 Rhxe6 45. fxe6 Rxe6 46. Rd5 Nxd5 47. Bc1+ Kb3 48. Bf5 Re1+ 49. Kg2 Rxc1 0-1


[Site "https://www.chess.com"]